Map: White Rabbit LE

Players

guzzler

  • Race: Terran Terran
  • League: Diamond
  • Spawn Location: 1:00

PrinceAbubu - Winner!

  • Race: Zerg Zerg
  • League: Diamond
  • Spawn Location: 7:00

VOD

Have the link to the VOD?

Description

Time

  • Played on: Nov. 27, 2025, 6:37 p.m.
  • Length: 26:00
Show
View Real Time Build Order
Export as new Build Order

guzzler Terran 

Build Orders: Reaper Expand, Mech 

Get SALT Encoding   

  12  0:00  SCV  
  13  0:12  SCV  
  14  0:17  Supply Depot  
  14  0:25  SCV  
  15  0:39  SCV  
  15  0:42  Barracks  
  16  0:45  Refinery  
  16  0:51  SCV  
  17  1:06  SCV  
  18  1:20  SCV  
  19  1:31  Reaper  
  19  1:32  Orbital Command  
  20  1:43  Command Center  
  20  1:53  Supply Depot  
  20  1:58  SCV  
  21  2:03  Marine  
  22  2:10  SCV  
  23  2:16  Factory  
  23  2:23  SCV  
  23  2:24  Barracks Reactor  
  23  2:26  Refinery  
  24  2:35  SCV  
  25  2:47  SCV  
  26  2:56  Orbital Command  
  26  2:59  SCV  
  26  3:00  Supply Depot  
  27  3:11  SCV  
  28  3:21  SCV  
  28  3:23  SCV  
  29  3:32  Barracks Reactor  
  29  3:33  Hellion x2, SCV, Factory  
  34  3:35  SCV  
  35  3:45  SCV  
  36  3:51  SCV  
  37  3:55  Supply Depot  
  37  3:57  SCV, Hellion x2  
  42  4:03  SCV  
  42  4:09  SCV  
  44  4:12  Marine  
  44  4:13  Marine  
  44  4:15  SCV  
  47  4:18  Supply Depot  
  47  4:22  SCV  
  47  4:23  Factory Tech Lab, Supply Depot  
  48  4:25  Armory  
  48  4:27  Hellion x2  
  48  4:28  SCV  
  53  4:33  Marine x2  
  53  4:34  SCV  
  56  4:40  SCV  
  56  4:41  Supply Depot  
  56  4:42  Siege Tank  
  56  4:45  Infernal Pre-Igniter  
  60  4:46  SCV  
  60  4:51  Hellion x2  
  60  4:52  Marine x2, SCV  
  68  4:58  SCV  
  69  5:04  SCV  
  70  5:11  SCV  
  71  5:14  Terran Vehicle Weapons Level 1  
  71  5:16  Supply Depot, SCV  
  71  5:18  Supply Depot  
  71  5:19  Siege Tank  
  79  5:21  Marine x2, Hellion x2  
  79  5:23  SCV  
  83  5:28  Supply Depot, SCV  
  83  5:35  SCV  
  84  5:42  Marine x2  
  86  5:46  Supply Depot  
  86  5:47  SCV, Hellion x2  
  86  5:49  SCV  
  92  6:13  Marine x2  
  92  6:14  Siege Tank, Hellion x2  
  92  6:15  SCV  
  102  6:19  Refinery  
  102  6:20  Supply Depot  
  102  6:23  SCV  
  102  6:25  Command Center  
  103  6:26  Refinery  
  103  6:27  SCV  
  104  6:35  SCV  
  105  6:54  Thor  
  105  6:55  Hellbat x2  
  75  7:11  SCV  
  75  7:15  Marine x2  
  71  7:18  Widow Mine x2  
  69  7:23  Engineering Bay  
  69  7:24  SCV  
  69  7:29  SCV  
  70  7:32  Factory  
  70  7:35  Starport  
  70  7:36  SCV  
  68  7:38  Marine x2  
  68  7:39  Widow Mine x2  
  74  7:46  Hellbat  
  76  7:53  Supply Depot, Missile Turret  
  76  7:54  SCV  
  76  7:56  SCV  
  78  8:01  Missile Turret  
  70  8:21  Thor  
  70  8:22  Marine x2  
  70  8:24  Widow Mine x2  
  77  8:32  SCV  
  75  8:35  Missile Turret  
  75  8:39  Factory Tech Lab, Starport Reactor  
  75  8:45  Widow Mine  
  77  8:49  Marine x2  
  77  8:52  Terran Vehicle And Ship Armor Level 1  
  77  8:54  Armory  
  79  9:00  Missile Turret  
  79  9:03  Planetary Fortress  
  79  9:14  Missile Turret  
  79  9:17  Missile Turret  
  79  9:24  Marine x2  
  79  9:27  Widow Mine x2  
  79  9:28  Hellbat, Hellion  
  79  9:29  SCV  
  79  9:30  SCV  
  91  9:41  Refinery, SCV  
  91  9:43  Refinery  
  91  9:44  Viking x2  
  96  9:48  Missile Turret, Thor, Hellion  
  96  9:49  Thor  
  96  9:50  Terran Vehicle Weapons Level 2  
  110  9:56  SCV  
  110  9:58  Marine x2  
  110  9:59  SCV  
  114  10:01  SCV  
  114  10:03  Supply Depot  
  114  10:04  Supply Depot  
  115  10:08  Neosteel Armor, SCV  
  115  10:11  SCV  
  117  10:18  Supply Depot  
  117  10:19  Marine x2  
  117  10:21  Viking, Hellion x2  
  123  10:22  SCV  
  123  10:23  SCV  
  127  10:32  Siege Tank  
  127  10:35  Thor  
  136  10:45  Command Center  
  136  10:46  Refinery  
  136  10:48  SCV  
  136  10:49  Refinery  
  137  10:53  Missile Turret  
  137  10:55  Missile Turret  
  137  10:59  Viking  
  137  11:00  Hellion, Factory  
  137  11:01  SCV, Hellion  
  137  11:04  Siege Tank  
  147  11:07  SCV  
  148  11:14  SCV  
  148  11:16  Terran Vehicle And Ship Armor Level 2  
  148  11:18  SCV  
  150  11:21  Siege Tank  
  150  11:22  Hellbat x2  
  150  11:23  SCV  
  158  11:26  SCV  
  158  11:31  Factory  
  159  11:41  SCV x3  
  159  11:45  Siege Tank  
  159  11:46  Hellion  
  167  11:52  Supply Depot  
  167  11:53  Siege Tank, SCV x3  
  167  11:54  Supply Depot  
  173  11:58  Supply Depot  
  173  11:59  Viking  
  175  12:11  Planetary Fortress  
  175  12:17  Widow Mine, Thor  
  175  12:18  Widow Mine, Hellion  
  175  12:19  SCV  
  188  12:23  Terran Vehicle Weapons Level 3, Supply Depot  
  188  12:27  Siege Tank  
  191  12:32  Liberator  
  191  12:34  Hellion  
  191  12:35  SCV  
  197  12:39  Hellion  
  199  12:51  Factory Tech Lab, Smart Servos  
  199  13:03  Command Center  
  199  13:06  Factory  
  199  13:17  Supply Depot  
  199  13:28  Command Center  
  137  14:14  Viking x2  
  137  14:15  Hellbat, Thor x2  
  140  14:19  Siege Tank  
  140  14:20  Hellion x2  
  142  14:28  SCV  
  127  14:33  SCV, Missile Turret  
  127  14:34  Hellion  
  127  14:37  Hellion  
  130  14:45  Command Center  
  130  14:47  Orbital Command  
  130  14:51  Siege Tank  
  133  14:57  Thor  
  133  14:58  Thor  
  143  15:02  Hellion  
  122  15:17  Viking, Hellion x3  
  122  15:18  Viking  
  132  15:23  Siege Tank, Hellion  
  137  15:31  Command Center  
  137  15:33  Terran Vehicle And Ship Armor Level 3  
  137  15:35  Terran Ship Weapons Level 1  
  137  15:36  Planetary Fortress  
  137  15:38  Hellion x3  
  137  15:41  Siege Tank x2  
  149  15:56  Viking x2  
  153  15:57  Hellion  
  153  15:58  Hellion  
  141  16:10  Hellion  
  141  16:11  Hellion x2  
  135  16:13  Siege Tank x2  
  137  16:25  Thor  
  134  16:26  Starport, Viking x2  
  144  16:34  Command Center  
  144  16:39  Factory Tech Lab  
  146  16:40  Hellion  
  146  16:42  Missile Turret  
  146  16:43  Hellion x2  
  146  16:44  Thor  
  146  16:45  Thor, Missile Turret  
  162  16:49  SCV x2  
  153  17:05  Viking x2  
  153  17:06  Hellbat  
  153  17:07  Hellbat x2, Hellion  
  153  17:08  Thor  
  169  17:28  Hellion  
  167  17:39  Viking x2  
  167  17:40  Thor x2  
  167  17:41  Hellion x2  
  134  17:59  Thor  
  134  18:04  Widow Mine x2, Hellion x2  
  148  18:09  Viking x2  
  152  18:22  Thor  
  152  18:23  Widow Mine  
  160  18:28  Hellion x4  
  168  18:39  Medivac  
  167  18:42  Hellion  
  167  18:44  Hellion  
  171  18:49  Hellion x2  
  171  18:52  Missile Turret  
  175  18:57  Refinery  
  175  18:59  Viking  
  175  19:00  Hellion x2  
  181  19:08  Viking  
  173  19:17  Thor x3  
  155  19:29  Viking  
  139  19:37  Hellbat, Hellion  
  133  19:38  Viking  
  133  19:39  Starport Reactor  
  133  19:42  SCV x2  
  121  19:59  Viking  
  123  20:02  Hellion x2  
  123  20:03  Hellion x6  
  139  20:09  Planetary Fortress  
  139  20:16  Starport  
  139  20:18  Refinery  
  139  20:23  Hellion  
  139  20:25  Viking  
  139  20:26  Viking  
  145  20:30  Orbital Command  
  144  20:57  Command Center  
  144  21:00  Siege Tank  
  144  21:01  Siege Tank x3  
  154  21:33  Siege Tank  
  109  22:02  Thor  
  109  22:03  Thor x2, Viking x2  
  109  22:04  Thor  
  114  22:16  Hellion x4  
  120  22:30  Planetary Fortress  
  120  22:32  SCV x2  
  120  22:33  SCV x2  
  126  22:37  Hellion x2  
  126  22:38  Hellion  
  121  22:44  SCV  
  121  22:45  SCV x3  
  121  22:46  Viking x2  
  121  22:48  Hellion  
  124  22:56  SCV  
  124  22:57  SCV  
  118  23:17  Viking x2  
  118  23:19  Hellion x2  
  120  23:20  Hellion x5  
  114  23:31  Viking  
  104  23:46  Hellion  
  104  23:47  Hellion x3  
  112  23:50  Missile Turret  
  112  23:53  Refinery  
  112  23:54  Refinery  
  100  24:22  SCV  
  101  24:30  Thor  
  101  24:31  Hellbat, Thor, Hellion  
  117  24:35  SCV  
  118  24:38  Supply Depot  
  118  24:40  Supply Depot  
  118  24:57  Command Center  
  118  24:59  Hellion x2  
  122  25:04  SCV x2  
  122  25:05  SCV  
  122  25:07  SCV  
  126  25:17  Hellbat x3  
Show
View Real Time Build Order
Export as new Build Order

PrinceAbubu Zerg - Winner!

Build Orders: Hatch First, Brood Lord Corruptor 

Get SALT Encoding   

  12  0:00  Drone  
  13  0:08  Drone  
  14  0:14  Extractor  
  14  0:15  Drone  
  15  0:21  Overlord  
  15  0:40  Drone  
  16  0:46  Hatchery  
  16  0:49  Drone  
  16  0:52  Drone  
  16  0:56  Drone  
  18  1:07  Extractor  
  17  1:12  Spawning Pool  
  17  1:14  Drone  
  17  1:17  Drone  
  18  1:27  Drone  
  19  1:42  Drone  
  20  1:48  Drone  
  21  1:59  Queen x2  
  21  2:00  Zergling x2  
  21  2:01  Zergling x2  
  27  2:09  Drone, Overlord  
  27  2:11  Metabolic Boost  
  28  2:37  Queen  
  28  2:41  Drone x3, Overlord  
  28  2:42  Drone  
  34  2:48  Queen  
  36  3:01  Drone x3  
  36  3:03  Drone x2  
  41  3:22  Lair  
  41  3:27  Drone x3  
  41  3:28  Overlord x2  
  44  3:42  Hatchery  
  44  3:46  Queen  
  44  3:48  Extractor  
  44  3:49  Extractor, Drone x3  
  44  3:50  Drone  
  44  3:52  Drone  
  44  3:53  Drone  
  49  3:56  Extractor  
  49  3:59  Drone x2  
  49  4:01  Drone  
  51  4:08  Drone x2  
  53  4:21  Queen, Overlord  
  53  4:22  Overlord  
  55  4:25  Drone  
  55  4:26  Drone  
  55  4:30  Spire  
  56  4:33  Drone x2  
  56  4:37  Overlord  
  58  4:49  Overlord  
  58  4:56  Drone x6  
  58  4:58  Queen  
  66  5:02  Queen  
  68  5:09  Overseer  
  68  5:24  Drone x3, Extractor  
  68  5:25  Drone, Extractor  
  68  5:26  Drone x2, Overlord x2  
  68  5:28  Drone x5  
  77  5:55  Baneling Nest, Zergling x14  
  83  6:13  Mutalisk  
  83  6:14  Mutalisk x10  
  83  6:17  Overlord  
  105  6:28  Infestation Pit  
  104  6:42  Baneling x18  
  101  6:56  Centrifugal Hooks  
  93  7:08  Zergling x8  
  82  7:18  Overlord  
  82  7:20  Overlord x3  
  82  7:38  Queen  
  82  7:39  Drone x2  
  82  7:42  Drone x9  
  95  7:48  Hatchery  
  94  7:58  Drone x4  
  94  7:59  Drone  
  83  8:40  Drone x11  
  92  8:50  Hive  
  92  8:52  Zerg Flyer Weapons Level 1  
  92  8:53  Spire  
  91  8:57  Evolution Chamber x2  
  89  9:06  Drone  
  89  9:07  Drone  
  91  9:12  Extractor  
  91  9:16  Extractor  
  89  9:19  Hatchery  
  88  9:27  Drone x3  
  88  9:29  Drone x5  
  96  9:34  Spine Crawler  
  96  9:35  Spine Crawler  
  96  9:38  Spine Crawler  
  93  9:39  Spine Crawler  
  93  9:44  Spine Crawler x2, Drone x5  
  95  9:45  Spine Crawler  
  94  9:59  Zerg Melee Weapons Level 1, Zerg Ground Armor Level 1  
  94  10:00  Zergling x26  
  94  10:03  Overlord x2  
  94  10:05  Pneumatized Carapace  
  107  10:21  Hatchery  
  106  10:29  Baneling x20  
  106  10:30  Corruptor x5, Baneling x14  
  106  10:31  Corruptor x8  
  106  10:35  Greater Spire  
  132  10:47  Drone x6  
  132  10:48  Drone x2  
  140  10:52  Overlord x5  
  140  11:02  Overlord x3  
  140  11:15  Extractor  
  140  11:16  Extractor  
  138  11:34  Spine Crawler  
  138  11:37  Spine Crawler, Viper x5  
  138  11:38  Viper  
  154  11:47  Zerg Flyer Weapons Level 2  
  154  11:48  Zerg Flyer Armor Level 1  
  154  11:50  Overlord x2  
  154  11:52  Brood Lord x8  
  170  11:56  Zergling x36  
  170  11:57  Zergling x16  
  196  12:12  Brood Lord x2  
  200  12:35  Baneling x15  
  200  13:01  Zerg Melee Weapons Level 2  
  200  13:02  Zerg Ground Armor Level 2  
  200  13:03  Adrenal Glands  
  161  14:12  Zergling x62  
  186  14:20  Corruptor x2  
  176  14:45  Zergling x24  
  188  14:49  Corruptor x5  
  168  15:15  Corruptor x3  
  168  15:16  Corruptor x2  
  176  15:55  Baneling x23  
  176  15:56  Baneling  
  168  16:12  Zergling x48  
  182  17:07  Baneling x10  
  182  17:08  Baneling x4  
  143  18:12  Hatchery  
  142  18:15  Zergling x2  
  142  18:16  Zergling x48  
  167  18:29  Hatchery  
  166  18:53  Baneling x33  
  120  19:27  Zergling x4  
  120  19:28  Zergling x10  
  124  19:38  Extractor  
  121  19:39  Extractor  
  116  19:48  Zergling x32  
  116  19:50  Overlord  
  132  20:04  Hatchery x2  
  130  20:08  Hatchery  
  129  20:14  Hatchery  
  129  20:15  Baneling  
  129  20:16  Corruptor x2, Baneling x17  
  129  20:18  Overlord x3  
  129  20:19  Overlord x9  
  123  21:00  Corruptor x14  
  123  21:03  Brood Lord x8  
  170  21:05  Viper  
  170  21:06  Viper x3  
  150  22:00  Zergling x42  
  150  22:01  Zergling x16  
  153  22:19  Zerg Ground Armor Level 3, Zerg Melee Weapons Level 3  
  153  22:20  Zerg Flyer Weapons Level 3  
  153  22:21  Zerg Flyer Armor Level 2  
  124  23:04  Zergling x36  
  124  23:05  Zergling x24  
  97  24:10  Ultralisk Cavern  
  95  24:23  Corruptor x12  
  119  24:34  Brood Lord x6  
  131  24:38  Brood Lord  
  133  24:46  Brood Lord  
  135  25:09  Hatchery  
  135  25:11  Brood Lord x3  
Tags
 
Add a new tag
Caveats
  • Supply blocks, unpowered buildings, or Contaminate may cause inaccurate times.
  • Supply counts are checked every 10 seconds.